 Dungeon Crawl Stone Soup version 0.28.0-47-ge53b351184 (webtiles) character file.

Game seed: 8076455422309366597

109 firemarshallily the Slasher (level 4, -11/30 HPs)
             Began as a Demonspawn Gladiator on May 1, 2022.
             Was a Follower of Hepliaklqana.
             Mangled by Sigmund
             ... wielding a +5 scythe of protection
              (12 damage)
             ... on level 2 of the Dungeon.
             The game lasted 00:05:19 (1931 turns).

firemarshallily the Slasher (Demonspawn Gladiator)  Turns: 1931, Time: 00:05:19

Health: -11/30     AC:  8    Str: 16    XL:     4   Next: 59%
Magic:  4/4        EV: 12    Int:  9    God:    Hepliaklqana [*.....]
Gold:   33         SH:  0    Dex: 15    Spells: 3/3 levels left

rFire   . . .      SeeInvis .   a - +0 long sword
rCold   . . .      Faith    .   (no shield)
rNeg    . . .      Spirit   .   m - +3 leather armour
rPois   .          Reflect  .   (helmet restricted)
rElec   .          Harm     .   (no cloak)
rCorr   .          Rampage  .   (no gloves)
Will    .....                   (no boots)
Stlth   +.........              (no amulet)
HPRegen 0.10/turn               (no ring)
MPRegen 0.09/turn               (no ring)

@: no status effects
A: reduced essence, horns 1, yellow scales 1
a: Renounce Religion, Recall Ancestor, Ancestor Identity


You were on level 2 of the Dungeon.
You worshipped Hepliaklqana.
Hepliaklqana was aware of your devotion.
You visited 1 branch of the dungeon, and saw 2 of its levels.

You collected 33 gold pieces.

Inventory:

Hand Weapons
 a - a +0 long sword (weapon)
Missiles
 e - 16 stones (quivered)
Armour
 j - a +0 chain mail
 l - a +0 plate armour
 m - a +3 leather armour (worn)
Wands
 f - a wand of digging (3)
Potions
 h - 2 potions of attraction {unknown}
 i - a potion of lignification
 k - 2 potions of mutation {unknown}


   Skills:
 + Level 2.9 Fighting
 * Level 3.8 Long Blades
 - Level 2.0 Throwing
 + Level 1.3 Armour
 - Level 3.0 Dodging


You had 3 spell levels left.
You didn't know any spells.
Your spell library was empty.

Dungeon Overview and Level Annotations

Branches:
Dungeon (2/15)

Altars:
Hepliaklqana

Annotations:
D:2 Sigmund


Innate Abilities, Weirdness & Mutations

Your life essence is reduced to manifest your ancestor. (-10% HP)
You have a pair of small horns on your head.
You are partially covered in yellow scales. (AC +2)


Message History

You throw a throwing net. The throwing net hits Sigmund.
Sigmund is caught in the net!
Sigmund is lightly wounded.
Sigmund struggles against the net.
Sigmund struggles against the net.
You hit Sigmund but do no damage. You headbutt Sigmund, but do no damage.
Sigmund is lightly wounded.
Sigmund casts a spell at you. The puff of flame hits you!
Sigmund struggles against the net.
You hit Sigmund.
Sigmund is moderately wounded.
Sigmund struggles against the net.
You hit Sigmund. Your headbutt misses Sigmund.
Sigmund is moderately wounded.
Sigmund casts a spell at you. The puff of flame misses you.
Sigmund struggles against the net.
The net rips apart, and Sigmund comes free!
You barely miss Sigmund. Your headbutt misses Sigmund.
Sigmund is moderately wounded.
You closely miss Sigmund.
Sigmund is moderately wounded.
Sigmund hits you with a +5 scythe of protection!
You hit Sigmund.
Sigmund is heavily wounded.
Sigmund closely misses you.
You hit Sigmund but do no damage.
Sigmund is heavily wounded.
Sigmund hits you with a +5 scythe of protection.
* * * LOW HITPOINT WARNING * * *
You closely miss Sigmund.
Sigmund is heavily wounded.
You hit Sigmund. You headbutt Sigmund.
Sigmund is severely wounded.
Sigmund points at you and mumbles some strange words.
The puff of flame hits you.
* * * LOW HITPOINT WARNING * * *
You barely miss Sigmund. Your headbutt misses Sigmund.
Sigmund is severely wounded.
Sigmund hits you with a +5 scythe of protection!
You die...

##### #.# #.....##... ######...#
#.# ###........ #........# #.#
####.####... #)####...####.#
#.... ##.# #.# ##.###..<# #.###
#.# #.# #.# #.### #.# #.#
######.# #.# #.# #.# #.# ...†...#
#.# #.# ##.## #.# .####### #.#
#@# ##...## #.# .#
#.###@###.#.#.## #.# .#
#............#.#####.#
.###############.###.#........#.#
.##.......................###....
....####.#######.#####..........#
.#### #.# #.# ####.#####.#.# .#
#.# #.###............# .# #.#
#.....########.###


You could see Sigmund.

Vanquished Creatures
  Jessica (D:2)
  Natasha (D:2)
  2 adders (D:2)
  A dart slug (D:1)
  5 ball pythons
  3 endoplasms
  A giant cockroach (D:2)
  3 goblins
  A hobgoblin (D:1)
  6 kobolds
  8 bats
  A frilled lizard (D:1)
  7 rats
40 creatures vanquished.

Vanquished Creatures (others)
  3 ancestors (D:2)
3 creatures vanquished.

Grand Total: 43 creatures vanquished

Notes
Turn   | Place    | Note
-------+----------+-------------------------------------------
     0 | D:1      | firemarshallily the Demonspawn Gladiator began the quest
                  | for the Orb.
     0 | D:1      | Reached XP level 1. HP: 16/16 MP: 1/1
   342 | D:1      | Gained mutation: You have a pair of small horns on your
                  | head. [demonic ancestry]
   342 | D:1      | Reached XP level 2. HP: 22/22 MP: 2/2
   601 | D:1      | Found a faded altar of an unknown god.
   612 | D:1      | Prayed at the altar of an unknown god.
   612 | D:1      | Became a worshipper of Hepliaklqana the Forgotten
   612 | D:1      | Reached * piety under Hepliaklqana
   999 | D:2      | Reached XP level 3. HP: 19/25 MP: 3/3
  1354 | D:2      | Noticed Natasha
  1361 | D:2      | Killed Natasha
  1362 | D:2      | Reached skill level 1 in Armour
  1369 | D:2      | Noticed Jessica
  1388 | D:2      | Gained mutation: You are partially covered in yellow
                  | scales. (AC +2) [demonic ancestry]
  1388 | D:2      | Reached XP level 4. HP: 22/30 MP: 4/4
  1389 | D:2      | Killed Jessica
  1651 | D:2      | Noticed Sigmund
  1930 | D:2      | HP: 1/30 [Sigmund/puff of flame (3)]
  1931 | D:2      | Mangled by Sigmund

Illustrated notes

Levels and vault maps discovered:
D:1:      tarquinn_simple_flora_water_d, layout_loops_ring,
          hellmonk_ecumenical_altar_arch_garden
D:2:      layout_loops_ring, basic_altar, minmay_shallow_snake_nest,
          uniq_sigmund, uniq_natasha, uniq_jessica

Skill      XL: |  1  2  3 |
---------------+----------+-----
Throwing       | 2 |  2.0
Dodging        | 3 |  3.0
Long Blades    | 3 |  3.8
Armour         | 1 |  1.3
Fighting       | |  2.9

Action                   |  1- 3 |  4- 6 || total
-------------------------+-------+-------++-------
Melee: Long sword        |    69 |    21 ||    90
       Headbutt          |     8 |     4 ||    12
       Short sword       |    11 |       ||    11
       Punch             |       |     1 ||     1
Throw: Throwing net      |       |     3 ||     3
Invok: Ancestor Identity |     1 |       ||     1
  Use: Scroll            |     4 |     2 ||     6
 Stab: Sleeping          |     1 |     1 ||     2
Armor: Leather armour    |    21 |     2 ||    23
Dodge: Dodged            |    50 |    12 ||    62
